 Dungeon Crawl Stone Soup version 0.23.2-40-g277498a001 (webtiles) character file.

Game seed: 14644417936805824711

423 BreadTh the Conjurer (level 6, -2/28 HPs)
             Began as a Spriggan Conjurer on Sept 5, 2019.
             Shot with an arrow by a centaur (12 damage)
             ... on level 5 of the Dungeon.
             The game lasted 00:17:40 (5113 turns).

BreadTh the Conjurer (Spriggan Conjurer)            Turns: 5113, Time: 00:17:41

Health: -2/28      AC:  3    Str:  4    XL:     6   Next: 63%
Magic:  2/14       EV: 18    Int: 18    God:
Gold:   205        SH:  0    Dex: 17    Spells: 4/14 levels left

rFire    . . .     SeeInvis +   v - +0 spear
rCold    . . .     Gourm    .   (shield restricted)
rNeg     . . .     Faith    .   a - +0 robe
rPois    .         Spirit   .   (helmet restricted)
rElec    .         Reflect  .   j - +0 cloak
rCorr    .         Harm     .   (gloves unavailable)
MR       +....                  (boots unavailable)
Stlth    ++........             (no amulet)
HPRegen  0.09/turn              (no ring)
MPRegen  0.14/turn              (no ring)

@: very quick
A: very small, unfitting armour, see invisible, herbivore, speed 3, slow
metabolism 2
a: no special abilities


You were on level 5 of the Dungeon.
You were not hungry.

You visited 1 branch of the dungeon, and saw 5 of its levels.

You collected 205 gold pieces.

Inventory:

Hand Weapons
 b - a +0 dagger
 v - a +0 spear (weapon)
 w - a +0 trident
Missiles
 f - 46 stones (quivered)
 u - 16 poisoned needles
Armour
 a - a +0 robe (worn)
 j - a +0 cloak (worn)
Wands
 r - a wand of enslavement (3)
Scrolls
 g - 3 scrolls of identify {unknown}
 h - 2 scrolls of teleportation {unknown}
 k - a scroll of remove curse {unknown}
 l - 2 scrolls of enchant armour {unknown}
 o - a scroll of magic mapping {unknown}
 p - a scroll of immolation {unknown}
 t - a scroll of amnesia {unknown}
Potions
 d - a potion of might {unknown}
 e - a potion of curing {unknown}
 i - a potion of degeneration {unknown}
 m - a potion of berserk rage {unknown}
 n - a potion of brilliance {unknown}
 q - 2 potions of cancellation {unknown}
 s - a potion of invisibility {unknown}
 x - a potion of heal wounds {unknown}
Comestibles
 c - 6 rations


   Skills:
 - Level 3.0 Dodging
 - Level 3.0 Stealth
 + Level 4.7 Spellcasting
 * Level 5.5 Conjurations


You had 4 spell levels left.
You knew the following spells:

 Your Spells              Type           Power        Failure   Level  Hunger
a - Magic Dart            Conj           ###.         1%          1    None
b - Searing Ray           Conj           ###...       2%          2    #......
c - Dazzling Spray        Conj/Hex       ##....       13%         3    ###....
d - Iskenderun's Mystic   Conj           ###.....     14%         4    ####...

Your spell library contained the following spells:

 Spells                   Type           Power        Failure   Level  Hunger
 Force Lance              Conj/Tloc      ##......     41%         4    ####...
 Fulminant Prism          Conj/Hex       ##........   41%         4    ####...


Dungeon Overview and Level Annotations

Branches:
Dungeon (5/15)
 Temple: D:4-7

Altars:
Elyvilon
Makhleb
Zin


Innate Abilities, Weirdness & Mutations

You are very small and have problems with some larger weapons.
You are too small for most types of armour.
You have supernaturally acute eyesight. (SInv)
You are a herbivore.
You cover ground extremely quickly.
You need to consume almost no food.


Message History

The centaur is severely wounded.
The centaur shoots an arrow.
The arrow hits you!
Casting: Magic Dart (safe; 1% risk of failure)
Confirm with . or Enter, or press ? or * to list all spells.
Aiming: Magic Dart (safe; 1% risk of failure)
Press: ? - help, Shift-Dir - straight line, f/p - centaur
Aim: a centaur, wielding a +0 shortbow (severely wounded)
The magic dart hits the centaur.
The centaur is severely wounded.
The centaur shoots an arrow.
The arrow hits you.
Casting: Magic Dart (safe; 1% risk of failure)
Confirm with . or Enter, or press ? or * to list all spells.
Aiming: Magic Dart (safe; 1% risk of failure)
Press: ? - help, Shift-Dir - straight line, f/p - centaur
Aim: a centaur, wielding a +0 shortbow (severely wounded)
The magic dart hits the centaur.
The centaur is severely wounded.
The centaur shoots an arrow.
The arrow closely misses you.
The centaur shoots an arrow.
The arrow hits you!
You die...

.........##
...###....####
...##....##..#
.............##
....#.....##..#
....#.....#...###
....#.#.....(...#
......##.....(..##
..#.^###......(.@#
.##................#
.....##.#.#.##.....c..
......######........###
....... ......(##..
....... ##...[... .##
...#... #........ .
.#.##.. +........ #
#### #.


You could see a centaur.

Vanquished Creatures
  A water moccasin (D:5)
  A howler monkey (D:4)
  A centaur skeleton (D:4)
  2 orc priests (D:3)
  Terence (D:2)
  A hound skeleton (D:4)
  3 gnolls (D:3)
  4 adders
  2 oozes
  2 worms
  A dart slug (D:3)
  3 leopard geckos
  5 orcs
  7 giant cockroaches
  9 goblins
  7 hobgoblins
  5 quokkas
  10 bats
  2 frilled lizards (D:2)
  7 kobolds
  A leopard gecko skeleton (D:4)
  A quokka skeleton (D:4)
  4 rats
80 creatures vanquished.

Notes
Turn   | Place    | Note
-------+----------+-------------------------------------------
     0 | D:1      | BreadTh the Spriggan Conjurer began the quest for the Orb.
     0 | D:1      | Reached XP level 1. HP: 9/9 MP: 5/5
    38 | D:1      | Reached skill level 3 in Conjurations
   292 | D:1      | Reached XP level 2. HP: 13/13 MP: 7/7
  1136 | D:2      | Learned a level 2 spell: Searing Ray
  1248 | D:2      | Found a burning altar of Makhleb.
  1253 | D:2      | Found a glowing silver altar of Zin.
  1254 | D:2      | Noticed a blizzard demon
  1254 | D:2      | Noticed an angel
  1399 | D:2      | Reached XP level 3. HP: 10/16 MP: 1/9
  1862 | D:2      | Learned a level 3 spell: Dazzling Spray
  1932 | D:2      | Noticed Terence
  1975 | D:2      | Killed Terence
  1975 | D:2      | Reached XP level 4. HP: 21/21 MP: 0/11
  2137 | D:2      | Learned a level 4 spell: Iskenderun's Mystic Blast
  2567 | D:3      | Reached skill level 4 in Conjurations
  3338 | D:3      | Found a white marble altar of Elyvilon.
  3551 | D:3      | Reached XP level 5. HP: 24/24 MP: 3/12
  4017 | D:3      | Reached skill level 5 in Conjurations
  4317 | D:4      | Reached XP level 6. HP: 25/28 MP: 7/13
  4982 | D:5      | Entered Level 5 of the Dungeon
  5000 | D:5      | Noticed a water moccasin
  5009 | D:5      | Killed a water moccasin
  5113 | D:5      | Shot with an arrow by a centaur

Skill      XL: |  1  2  3  4  5 |
---------------+----------------+-----
Conjurations   | 3 4 5 |  5.5
Spellcasting   | 3 4 |  4.7
Dodging        | |  3.0
Stealth        | |  3.0

Action                   |  1- 3 |  4- 6 || total
-------------------------+-------+-------++-------
Melee: Dagger            |   107 |    38 ||   145
       Unarmed           |     8 |       ||     8
       Spear             |       |     6 ||     6
 Cast: Magic Dart        |    60 |   160 ||   220
       Dazzling Spray    |       |     2 ||     2
 Stab: Sleeping          |     3 |     2 ||     5
  Eat: Ration            |       |     1 ||     1
Armor: Robe              |    34 |     7 ||    41
Dodge: Dodged            |   153 |    61 ||   214
